AoeStats
← Science Bitch!!!

Arabia

510700759Analyzed
4v4 RM · 12h ago on Oct 2, 2026· 39m 54s· 8 players
Game mode
Random Map
Map size
Large (8 player)
Population
200
Speed
Normal
Resources
Standard
Victory
Conquest
Starting age
Dark Age
Ending age
Imperial Age
RankedLock teamsTeams togetherTeam positionsShared explorationLock speedFull tech treeHidden civsTurbo modeCheats
Victory
Defeat
🇲🇽 Saracens · Mexico
1054
+17
🇪🇸 Japanese · Spain
1039
+18
🇮🇳 Persians · India
1034
+18
🇲🇽 Georgians · Mexico
1011
+19
🇸🇬 Khmer · Singapore
1096
-19
🇨🇳 Ethiopians · China
1092
-19
🇨🇳 Wei · China
1088
-18
🇦🇷 Byzantines · Argentina
1019
-16
likkus
10:50 Feudal Age
11:23 Double-Bit Axe
12:21 Loom
14:20 Man-at-Arms
18:52 Forging
19:02 Horse Collar
20:39 Scale Mail Armor
21:27 Wheelbarrow
23:41 Castle Age
27:59 Hand Cart
28:42 Bow Saw
29:28 Heavy Plow
30:42 Long Swordsman
31:07 Gambesons
31:08 Arson
31:23 Squires
32:55 Padded Archer Armor
33:14 Elite Skirmisher
38:35 Imperial Age
37:22 Yasama
39:02 Iron Casting
38:42 Chain Mail Armor
39:46 Conscription
39:39 Elite Samurai
Gustatro
3:38 Loom
11:38 Feudal Age
18:15 Castle Age
17:39 Fletching
18:14 Double-Bit Axe
19:22 Bodkin Arrow
21:03 Padded Archer Armor
25:19 Elite Skirmisher
32:03 Wheelbarrow
33:53 Hand Cart
39:59 Imperial Age
37:33 Husbandry
38:01 Bow Saw
37:41 Gold Mining
39:32 Bloodlines
39:36 Forging
39:32 Scale Barding Armor
40:05 Ballistics
41:04 Iron Casting
Science Bitch!!!
6:17 Loom
9:21 Feudal Age
11:58 Double-Bit Axe
11:57 Horse Collar
15:59 Forging
23:03 Wheelbarrow
25:55 Castle Age
24:12 Gold Mining
28:25 Iron Casting
27:56 Scale Barding Armor
28:29 Bloodlines
28:23 Husbandry
28:51 Bow Saw
29:22 Light Cavalry
31:01 Gold Shaft Mining
32:40 Chain Barding Armor
oOoOo_oO
10:35 Feudal Age
12:01 Loom
15:02 Castle Age
13:38 Double-Bit Axe
17:05 Bloodlines
16:32 Light Cavalry
18:11 Scale Barding Armor
21:26 Town Watch
24:01 Chain Barding Armor
24:52 Forging
25:54 Horse Collar
26:22 Husbandry
27:36 Heavy Plow
32:26 Wheelbarrow
37:35 Imperial Age
35:35 Bow Saw
37:16 Hand Cart
36:57 Gold Mining
37:48 Iron Casting
38:41 Conscription
39:43 Plate Barding Armor
南暮
2:37 Loom
11:47 Feudal Age
25:38 Gold Mining
27:09 Double-Bit Axe
31:15 Castle Age
29:13 Horse Collar
29:07 Man-at-Arms
29:58 Scale Barding Armor
31:33 Stone Mining
37:17 Chain Barding Armor
37:07 Forging
38:29 Husbandry
39:39 Fletching
SepeLio_O
10:42 Feudal Age
8:58 Loom
16:16 Castle Age
17:01 Scale Mail Armor
24:07 Fletching
25:30 Bodkin Arrow
35:06 Pikeman
36:16 Scale Barding Armor
36:35 Forging
大卫
10:15 Feudal Age
15:14 Castle Age
16:35 Double-Bit Axe
25:54 Horse Collar
27:35 Pikeman
1627714649
7:01 Loom
9:28 Feudal Age
10:24 Double-Bit Axe
12:43 Fletching
13:32 Padded Archer Armor
15:31 Gold Mining
16:55 Horse Collar
22:12 Castle Age
22:23 Crossbowman
23:09 Thumb Ring
23:44 Bodkin Arrow
28:24 Leather Archer Armor
35:59 Wheelbarrow
36:57 Gold Shaft Mining
36:15 Stone Mining
40:46 Imperial Age
Connection lost

Rejoining the realm…

Still unreachable

The connection could not be restored.

Session expired

The server has moved on; the page needs a fresh start.